 Dungeon Crawl Stone Soup version 0.28.0-43-g3370ac3207 (webtiles) character file.

Game seed: 2071960228344280753

1115 smarlow the Magician (level 8, -10/59 HPs)
             Began as a Djinni Conjurer on Mar 2, 2022.
             Was a Follower of Elyvilon.
             Mangled by a two-headed ogre
             ... wielding a +0 giant club
              (15 damage)
             ... on level 5 of the Dungeon.
             The game lasted 00:12:17 (7505 turns).

smarlow the Magician (Djinni Conjurer)              Turns: 7505, Time: 00:12:17

Health: -10/59     AC:  3    Str:  6    XL:     8   Next: 60%
Gold:   101        EV: 13    Int: 21    God:    Elyvilon [*.....] SH:  0 Dex: 13

rFire   + + .      SeeInvis .   (no weapon)
rCold   x . .      Faith    .   (no shield)
rNeg    . . .      Spirit   .   a - +0 robe
rPois   ∞          Reflect  .   l - +0 helmet
rElec   .          Harm     .   (no cloak)
rCorr   .          Rampage  .   (no gloves)
Will    .....                   (boots unavailable)
Stlth   ++........              (no amulet)
HPRegen 0.19/turn               (no ring)
MPRegen 0.00/turn               (no ring)

@: about to teleport, flying, very slightly contaminated, studying Axes
A: sickness immunity, fire resistance 2, cold vulnerability 1, float, innate
caster, HP casting, extra vitality 1
a: Renounce Religion, Purification


You were on level 5 of the Dungeon.
You worshipped Elyvilon.
Elyvilon was aware of your devotion.
You visited 2 branches of the dungeon, and saw 7 of its levels.

You collected 101 gold pieces.

Inventory:

Armour
 a - a +0 robe (worn)
 j - a +2 hat
 l - a +0 helmet (worn)
Jewellery
 d - an amulet of faith
Wands
 n - a wand of acid (7)
Scrolls
 b - a scroll of blinking {unknown}
 f - 3 scrolls of teleportation
 h - 7 scrolls of identify {unknown}
 m - a scroll of noise {unknown}
 o - a scroll of enchant weapon {unknown}
 q - 2 scrolls of vulnerability {unknown}
Potions
 c - a potion of cancellation {unknown}
 e - a potion of flight {unknown}
 g - a potion of haste {unknown}
 i - a potion of resistance {unknown}
 k - a potion of degeneration {unknown}
 p - 2 potions of curing {unknown}


   Skills:
 * Level 5.1 Fighting
 + Level 3.4 Armour
 + Level 4.7 Dodging
 - Level 1.5 Stealth
 * Level 5.2 Spellcasting
 + Level 2.2 Invocations


You couldn't memorise any spells.
You knew the following spells:

 Your Spells              Type           Power      Damage    Failure   Level
a - Magic Dart            Conj           100%       1d8       1%          1
b - Searing Ray           Conj           54%        2d6       1%          2
c - Dazzling Flash        Conj/Hex       54%        N/A       3%          3
d - Fulminant Prism       Conj/Hex       13%        3d9       12%         4
e - Iskenderun's Mystic   Conj/Tloc      27%        2d7       12%         4
f - Summon Small Mammal   Summ           100%       N/A       1%          1
g - Poisonous Vapours     Pois/Air       54%        N/A       1%          2
h - Lesser Beckoning      Tloc           27%        N/A       3%          3
Your spell library was empty.

Dungeon Overview and Level Annotations

Branches:
Dungeon (6/15)             Temple (1/1) D:4

Altars:
Ashenzari
Cheibriados
Dithmenos
Elyvilon
Fedhas
Gozag
Hepliaklqana
Kikubaaqudgha
Makhleb
Nemelex Xobeh
Okawaru
Qazlal
Ru
Sif Muna
Trog
Uskayaw
Vehumet
Wu Jian
Xom
Yredelemnul
Zin
The Shining One

Annotations:
D:2 1 runed translucent door, Crazy Yiuf
D:6 Edmund


Innate Abilities, Weirdness & Mutations

You are immune to sickness and miasma.
You are immune to poison.
Your flesh is very heat resistant. (rF++)
You are vulnerable to cold. (rC-)
You float through the air rather than walking.
You learn spells naturally, not from books.
Your magical power is your life essence.
You have superior vitality. (+4 MHP)


Message History

The two-headed ogre is lightly wounded.
The two-headed ogre shouts in stereo!
The magic dart hits the two-headed ogre but does no damage.
The two-headed ogre is lightly wounded.
The magic dart hits the two-headed ogre.
The two-headed ogre is lightly wounded.
Casting: Magic Dart (safe; 1% risk of failure)
Confirm with . or Enter, or press ? or * to list all spells.
Aiming: Searing Ray (safe; 1% risk of failure)
Press: ? - help, Shift-Dir - straight line, f/p - two-headed ogre
Aim: a two-headed ogre, wielding a +0 giant club and a +0 giant spiked club (lightly wounded, 90% to hit)
The searing ray hits the two-headed ogre!
The two-headed ogre is lightly wounded. (Press . to maintain the ray.)
The searing ray hits the two-headed ogre.
The two-headed ogre is moderately wounded.
Casting: Searing Ray (safe; 1% risk of failure)
Confirm with . or Enter, or press ? or * to list all spells.
You erupt in a blast of force!
The mystic blast hits the two-headed ogre!
The two-headed ogre is moderately wounded.
The two-headed ogre is knocked back by the mystic blast.
Casting: Iskenderun's Mystic Blast (dangerous; 12% risk of failure)
Confirm with . or Enter, or press ? or * to list all spells.
You miscast Iskenderun's Mystic Blast.
You are very lightly contaminated with residual magic.
Sparks fly from your hands!
Casting: Iskenderun's Mystic Blast (dangerous; 12% risk of failure)
Confirm with . or Enter, or press ? or * to list all spells.
You erupt in a blast of force!
The mystic blast hits the two-headed ogre!
The two-headed ogre is heavily wounded.
The two-headed ogre hits you with a +0 giant club!!
* * * LOW HITPOINT WARNING * * *
The two-headed ogre hits you with a +0 giant spiked club!!
Elyvilon protects you from harm!
As you read the scroll labelled KYSCHO OPNEST, it crumbles to dust.
You feel strangely unstable.
It was a scroll of teleportation.
The two-headed ogre hits you with a +0 giant club!
You die...

## ######### #[ #.......#
##. #.......# ######..
#.......######.......
#####..............#####.
.......O@...######## ##
............###
.....######...## #...
###..## ... ##..# #.
##.##### # ######.....###
..............###
...####..........


You could see a two-headed ogre.

Vanquished Creatures
  Sigmund (D:2)
  An ogre (D:5)
  A necrophage (D:4)
  A phantom (D:5)
  A bullfrog (D:4)
  2 jellies (D:5)
  2 centaur skeletons
  A hound (D:5)
  2 orc priests (D:3)
  3 iguanas
  Jessica (D:2)
  2 orc wizards (D:3)
  A killer bee zombie (D:5)
  2 howler monkey zombies
  11 adders
  2 ufetubi
  6 worms
  2 dart slugs
  17 orcs
  10 endoplasms
  4 giant cockroaches
  7 hobgoblins
  2 jackals (D:1)
  7 kobolds
  3 quokkas
  5 ball pythons
  5 bats
  2 frilled lizards
  4 goblins
  9 rats
117 creatures vanquished.

Notes
Turn   | Place    | Note
-------+----------+-------------------------------------------
     0 | D:1      | smarlow the Djinni Conjurer began the quest for the Orb.
     0 | D:1      | Reached XP level 1. HP: 15/15 MP: 0/0
   478 | D:1      | Reached XP level 2. HP: 21/22 MP: 0/0
   793 | D:1      | Reached skill level 1 in Fighting
   906 | D:1      | Reached XP level 3. HP: 24/27 MP: 0/0
   906 | D:1      | Learned a level 1 spell: Summon Small Mammal
  1190 | D:1      | Found a faded altar of an unknown god.
  1225 | D:2      | Noticed Jessica
  1229 | D:2      | Reached skill level 1 in Armour
  1423 | D:2      | Killed Jessica
  1424 | D:2      | Reached XP level 4. HP: 29/32 MP: 0/0
  2016 | D:2      | Reached XP level 5. HP: 17/38 MP: 0/0
  2016 | D:2      | Learned a level 2 spell: Poisonous Vapours
  2293 | D:2      | Noticed Sigmund
  2382 | D:2      | Identified the +3 leather armour of a bazaar {rN+ Dex+9
                  | Slay-2}
  3075 | D:3      | Reached XP level 6. HP: 42/45 MP: 0/0
  3329 | D:3      | Found a bloodstained altar of Trog.
  3329 | D:3      | Found a stormy altar of Qazlal.
  3329 | D:3      | Found a hazy altar of Hepliaklqana.
  4483 | D:4      | Found a staircase to the Ecumenical Temple.
  4584 | Temple   | Entered the Ecumenical Temple
  4811 | Temple   | Became a worshipper of Elyvilon the Healer
  4913 | D:4      | Reached XP level 7. HP: 27/50 MP: 0/0
  4913 | D:4      | Learned a level 3 spell: Lesser Beckoning
  5805 | D:5      | Entered Level 5 of the Dungeon
  5835 | D:5      | Found a burning altar of Makhleb.
  5839 | D:5      | Found a glowing golden altar of the Shining One.
  6043 | D:5      | Reached skill level 1 in Invocations
  6161 | D:5      | Reached XP level 8. HP: 27/58 MP: 0/0
  6388 | D:5      | Noticed a two-headed ogre
  6626 | D:6      | Noticed Edmund
  6665 | D:5      | Reached * piety under Elyvilon
  6676 | D:5      | Reached skill level 5 in Spellcasting
  7109 | D:2      | Killed Sigmund
  7110 | D:2      | Reached skill level 5 in Fighting
  7251 | D:2      | Found a runed translucent door.
  7310 | D:2      | Noticed Crazy Yiuf
  7437 | D:5      | Found an ornate altar of the Wu Jian Council.
  7440 | D:5      | Found an iron altar of Okawaru.
  7503 | D:5      | Elyvilon protects you from harm!
  7505 | D:5      | Mangled by a two-headed ogre

Illustrated notes

Levels and vault maps discovered:
D:1:      minmay_arrival_hallway, layout_basic, basic_ecumenical_altar,
          minmay_stone_trees_medium
D:2:      minmay_evil_eye, layout_basic, uniq_jessica, uniq_sigmund,
          uniq_crazy_yiuf_cottage
D:3:      layout_basic, gammafunk_temple_overflow_forgotten
D:4:      layout_basic, minmay_temple_entry_water_ring, minmay_manual_mullet
D:5:      layout_rooms, minitemple, hangedman_abyss_or_decor_lesser_grid
D:6:      layout_gridville, glass_columns_b, st_stairs_1, minmay_circle_x,
          uniq_edmund
Temple:   nicolae_temple_figure_eight

Skill      XL: |  1  2  3  4  5  6  7  8 |
---------------+-------------------------+-----
Fighting       | 1 2 3 4 5 |  5.1
Armour         | 1 2 3 |  3.4
Dodging        | 3 4 |  4.7
Spellcasting   | 4 5 |  5.2
Invocations    | 1 2 |  2.2
Stealth        | |  1.5

Action                   |  1- 3 |  4- 6 |  7- 9 || total
-------------------------+-------+-------+-------++-------
 Cast: Magic Dart        |    48 |   200 |    77 ||   325
       Searing Ray       |       |     2 |    12 ||    14
       Iskenderun's Myst |       |     2 |    15 ||    17
  Use: Scroll            |       |       |     1 ||     1
Armor: Robe              |       |     7 |     3 ||    10
Dodge: Dodged            |     3 |    17 |    14 ||    34
